 Dungeon Crawl Stone Soup version 0.23.2-1-ga50397a (webtiles) character file.

Game seed: 16915275434376387492

1327 Fang the Skirmisher (level 8, -11/78 HPs)
             Began as a Gargoyle Berserker on May 8, 2019.
             Was a Priest of Trog.
             Mangled by an orc warrior
             ... wielding a +0 flail of protection
              (22 damage)
             ... on level 6 of the Dungeon.
             The game lasted 00:04:50 (4936 turns).

Fang the Skirmisher (Gargoyle Berserker)            Turns: 4936, Time: 00:04:52

Health: -11/78     AC:  0    Str: 29    XL:     8   Next: 60%
Magic:  8/8        EV: 16    Int:  7    God:    Trog [***...]
Gold:   459        SH:  0    Dex:  9    Spells: 7/7 levels left

rFire    . . .     SeeInvis .   (weapon currently unavailable)
rCold    . . .     Gourm    .   (shield currently unavailable)
rNeg     + . .     Faith    .   (armour currently unavailable)
rPois    ∞         Spirit   .   (helmet currently unavailable)
rElec    .         Reflect  .   (cloak currently unavailable)
rCorr    .         Harm     .   (gloves currently unavailable)
MR       .....                  (boots currently unavailable)
Stlth    ..........             (no amulet)
HPRegen  0.23/turn              (ring currently unavailable)
MPRegen  0.11/turn              (ring currently unavailable)

@: berserking, pig-form, very quick
A: small, negative energy resistance 1, petrification resistance, rot immunity,
AC +5
a: Berserk, Trog's Hand, Renounce Religion


You were on level 6 of the Dungeon.
You worshipped Trog.
Trog was most pleased with you.
You were not hungry.
You were a filthy swine.
You visited 2 branches of the dungeon, and saw 7 of its levels.

You collected 459 gold pieces.

Inventory:

Hand Weapons
 a - a +1 war axe of flaming (melded)
 f - a +2 hand axe of chopping
Armour
 b - a +2 plate armour (melded)
Wands
 x - a wand of acid (12)
Scrolls
 g - a scroll of magic mapping
 h - 3 scrolls of remove curse
 o - a scroll of blinking
 s - a scroll of teleportation
Potions
 j - 2 potions of heal wounds
 m - a potion of haste
 r - 2 potions of ambrosia
 t - a potion of curing
 v - a potion of mutation
Comestibles
 c - 11 rations
 d - 6 chunks of flesh


   Skills:
 + Level 6.5 Fighting
 + Level 5.3 Axes
 + Level 5.9 Armour
 + Level 4.4 Dodging


You had 7 spell levels left.
You didn't know any spells.
Your spell library was empty.

Dungeon Overview and Level Annotations

Branches:
Dungeon (6/15)             Temple (1/1) D:5

Altars:
Ashenzari
Dithmenos
Elyvilon
Kikubaaqudgha
Nemelex Xobeh
Okawaru
Qazlal
Ru
Sif Muna
Trog
Uskayaw
Wu Jian
Xom
The Shining One

Shops:
D:5 *


Innate Abilities, Weirdness & Mutations

You are resistant to torment.
((Your stone body is resilient. (AC +5)))
You are immune to poison.
You resist negative energy. (rN+)
((You are resistant to electric shocks. (rElec)))
((You can survive without breathing.))
You are immune to petrification.
You are immune to rotting.


Message History

The orc wizard closely misses you.
Things that are here:
a +0 dagger; a +0 leather armour; an orc corpse You are too injured to fight recklessly!
You are too injured to fight recklessly!
You barely miss the orc warrior.
An orc comes into view. It is wielding a +0 hand axe.
The orc wizard completely misses you.
The orc warrior hits you with a +0 flail of protection!
* * * LOW HITPOINT WARNING * * *
You are too injured to fight recklessly!
You are too injured to fight recklessly!
You bite the orc warrior!
The orc warrior is moderately wounded.
The orc closely misses you. The orc wizard closely misses you.
You hit the orc warrior.
The orc warrior is heavily wounded.
The orc warrior barely misses you.
The orc warrior hits you with a +0 flail of protection!!
You die...

*,,,,,...........** *#.......
**,,,,,............# #.......
*,,*,,**#.o.o......##*#.......
*,,,,***#o.*.o......,*#.......
*,*,** #...##.....#*,*#.....:.
***,* #.#.#......#*+*#.......
*,####.#o#......#*,*#..#....
******,.......o.oo...#8,8#..##...
,,,,,,,,,*#....oh....#*,*##.##...
,,,,,,,,,*#....#.....##.###.##...
,,,,,,,,,*#....##...##8.8#..###.#
>,,,,,,,,*#....#*####*#.##..# #.#
,,,,,,,,,*#....# ##.##..###..
,,,,,,,,,*#....# *8.8#.......
,,,,,,,,,*#.###########.#########
,,,,,,,,,*#.##8##8##8##.##8##8##8
**********#.'....................


You could see 2 orc warriors, an orc wizard and 4 orcs.

Vanquished Creatures
  The ghost of eyesnoeyes the Ducker, a novice GnMo of Okawaru (D:5)
  A sky beast (D:6)
  An ogre (D:4)
  A centaur (D:5)
  2 scorpions
  2 howler monkeys
  3 hounds
  2 orc priests
  2 worker ants
  A hound zombie (D:6)
  4 gnolls (D:4)
  7 adders
  An ooze (D:2)
  2 adder skeletons
  5 worms
  4 dart slugs
  7 leopard geckos
  9 orcs
  13 giant cockroaches
  4 goblins
  3 hobgoblins
  13 jackals
  2 quokkas (D:6)
  A ball python (D:2)
  5 bats
  4 frilled lizards
  A jackal skeleton (D:4)
  9 kobolds
  2 leopard gecko skeletons
  A quokka zombie (D:6)
  3 rats
116 creatures vanquished.

Vanquished Creatures (others)
  2 withered plants (D:5)
2 creatures vanquished.

Grand Total: 118 creatures vanquished

Notes
Turn   | Place    | Note
-------+----------+-------------------------------------------
     0 | D:1      | Fang the Gargoyle Berserker began the quest for the Orb.
     0 | D:1      | Reached XP level 1. HP: 14/14 MP: 1/1
   246 | D:1      | Reached XP level 2. HP: 18/19 MP: 2/2
   638 | D:1      | Reached XP level 3. HP: 22/23 MP: 3/3
  1268 | D:2      | Reached ** piety under Trog
  1416 | D:2      | Reached XP level 4. HP: 29/29 MP: 4/4
  1573 | D:2      | Reached skill level 4 in Fighting
  1881 | D:3      | Reached XP level 5. HP: 32/33 MP: 5/5
  2087 | D:3      | Reached *** piety under Trog
  2449 | D:4      | Reached XP level 6. HP: 29/39 MP: 6/6
  2853 | D:4      | Reached skill level 5 in Fighting
  2893 | D:4      | Found a glowing golden altar of the Shining One.
  3010 | D:4      | Found a shimmering altar of Xom.
  3021 | D:4      | Reached XP level 7. HP: 40/44 MP: 7/7
  3055 | D:4      | Found a hide-covered altar of Uskayaw.
  3090 | D:4      | Found an iron altar of Okawaru.
  3358 | D:5      | Entered Level 5 of the Dungeon
  3395 | D:5      | Found a shadowy altar of Dithmenos.
  3405 | D:5      | Found a staircase to the Ecumenical Temple.
  3425 | Temple   | Entered the Ecumenical Temple
  3708 | D:5      | Found Nowiz's General Store.
  3950 | D:5      | Found a runed translucent door.
  3951 | D:5      | Noticed eyesnoeyes's ghost (novice GnMo)
  4067 | D:5      | Found a sparkling altar of Nemelex Xobeh.
  4070 | D:5      | Found a stormy altar of Qazlal.
  4073 | D:5      | Found an ancient bone altar of Kikubaaqudgha.
  4562 | D:5      | Killed eyesnoeyes's ghost
  4562 | D:5      | Reached skill level 6 in Fighting
  4562 | D:5      | Reached skill level 5 in Axes
  4562 | D:5      | Reached skill level 5 in Armour
  4562 | D:5      | Reached XP level 8. HP: 41/51 MP: 8/8
  4862 | D:6      | Found a sparkling altar of Nemelex Xobeh.
  4936 | D:6      | Mangled by an orc warrior

Skill      XL: |  1  2  3  4  5  6  7 |
---------------+----------------------+-----
Dodging        | 2 3 4 |  4.4
Axes           | 3 4 5 |  5.3
Armour         | 3 4 5 |  5.9
Fighting       | 4 5 6 |  6.5

Action                   |  1- 3 |  4- 6 |  7- 9 || total
-------------------------+-------+-------+-------++-------
Melee: Hand axe          |    94 |   171 |   110 ||   375
       War axe           |       |       |    13 ||    13
       Unarmed           |       |       |     5 ||     5
Invok: Berserk           |       |     1 |     2 ||     3
  Use: Scroll            |       |       |    19 ||    19
  Eat: Chunk             |     2 |     6 |     4 ||    12
       Ration            |       |       |     1 ||     1
Armor: Animal skin       |    10 |       |       ||    10
       Plate armour      |    84 |   133 |    94 ||   311
Dodge: Dodged            |    50 |    73 |    54 ||   177
